 Dungeon Crawl Stone Soup version 0.29-a0-876-gfc89b1a5bd (webtiles) character file.

Game seed: 9576437061026020465

10023 Turgor the Reanimator (level 11, -8/85 HPs)
             Began as a Demonspawn Necromancer on July 18, 2022.
             Was a Believer of Cheibriados.
             Mangled by Snorg (15 damage)
             ... on level 10 of the Dungeon on July 19, 2022.
             The game lasted 01:56:11 (13483 turns).

Turgor the Reanimator (Demonspawn Necromancer)     Turns: 13483, Time: 01:56:12

Health: -8/85      AC: 17    Str: 15    XL:     11   Next: 30%
Magic:  3/21       EV: 11    Int: 24    God:    Cheibriados [**....]
Gold:   500        SH:  0    Dex: 19    Spells: 12/23 levels left

rFire   . . .      SeeInvis +   N - +5 mace (freeze)
rCold   + . .      Faith    .   (no shield)
rNeg    . . .      Spirit   .   R - +2 ring mail {rC+}
rPois   +          Reflect  .   (no helmet)
rElec   .          Harm     .   (cloak unavailable)
rCorr   .          Rampage  .   q - +1 pair of gloves "Zubbesi" {rPois}
Will    .....                   j - +0 pair of boots
Stlth   ++........              f - amulet of regeneration
HPRegen 1.04/turn               i - +4 ring of protection
MPRegen 0.17/turn               g - ring of see invisible

@: animating dead, very slow
A: rugged brown scales 2, foul stench 1, spiny 1, weakness stinger 3
a: Renounce Religion, Bend Time


You were on level 10 of the Dungeon.
You worshipped Cheibriados.
Cheibriados was pleased with you.
You visited 2 branches of the dungeon, and saw 11 of its levels.
You also visited: Bailey.

You collected 500 gold pieces.

Inventory:

Hand Weapons
 n - a +0 broad axe
 y - a +2 trident of freezing
 G - a +2 vorpal hand axe
 N - a +5 mace of freezing (weapon)
 O - a +2 whip of electrocution
 Q - a +0 double sword
Missiles
 u - 12 poisoned darts (quivered)
 P - 14 throwing nets
Armour
 j - a +0 pair of boots (worn)
 q - the +1 pair of gloves "Zubbesi" (worn) {rPois}
   (You found it on level 2 of the Dungeon)

   rPois:     It protects you from poison.
 R - a +2 ring mail of cold resistance (worn)
Magical Staves
 H - a staff of earth
Jewellery
 f - an amulet of regeneration (around neck)
 g - a ring of see invisible (right hand)
 i - a +4 ring of protection (left hand)
 F - a ring of resist corrosion
Wands
 J - a wand of charming (10)
Scrolls
 c - 2 scrolls of magic mapping {unknown}
 d - a scroll of blinking {unknown}
 h - a scroll of silence {unknown}
 t - 3 scrolls of vulnerability {unknown}
 v - 2 scrolls of immolation {unknown}
 w - 2 scrolls of teleportation
 x - a scroll of summoning {unknown}
 A - 3 scrolls of poison {unknown}
 B - 3 scrolls of fog
 D - 3 scrolls of noise {unknown}
 L - 3 scrolls of fear {unknown}
 S - 3 scrolls of enchant weapon {unknown}
Potions
 a - a potion of heal wounds {unknown}
 b - 4 potions of magic
 e - a potion of curing
 l - 2 potions of ambrosia
 m - 2 potions of brilliance
 o - a potion of berserk rage
 r - 2 potions of cancellation
 s - a potion of attraction
 z - 2 potions of might
 C - 3 potions of mutation
 E - 3 potions of lignification
 K - 2 potions of haste {unknown}


   Skills:
 + Level 6.1 Fighting
 - Level 0.2 Short Blades
 + Level 4.6 Armour
 - Level 2.0 Dodging
 - Level 2.0 Stealth
 + Level 6.9 Spellcasting
 * Level 8.6 Conjurations
 * Level 8.9 Necromancy
 * Level 7.9 Earth Magic


You had 12 spell levels left.
You knew the following spells:

 Your Spells              Type           Power      Damage    Failure   Level
a - Necrotise             Necr           100%       1d9       1%          1
b - Stone Arrow           Conj/Erth      96%        3d13      1%          3
c - Animate Dead          Necr           50%        N/A       3%          4
d - Vampiric Draining     Necr           50%        2d9       1%          3

Your spell library contained the following spells:

 Spells                   Type           Power      Damage    Failure   Level
 Agony                    Necr           50%        N/A       10%         5
 Freeze                   Ice            32%        1d5       14%         1
 Hailstorm                Conj/Ice       29%        3d8       22%         4
 Animate Armour           Summ/Erth      54%        N/A       26%         4
 Frozen Ramparts          Ice            16%        1d3       38%         3
 Lehudib's Crystal Spear  Conj/Erth      24%        10d7      100%        8


Dungeon Overview and Level Annotations

Branches:
Dungeon (10/15)            Temple (1/1) D:4             Orc (0/2) D:9
 Bailey (visited)
   Lair: D:8-11

Altars:
Ashenzari
Cheibriados
Dithmenos
Fedhas
Gozag
Hepliaklqana
Kikubaaqudgha
Makhleb
Nemelex Xobeh
Okawaru
Qazlal
Sif Muna
Trog
Uskayaw
Vehumet
Wu Jian
Xom
Yredelemnul

Annotations:
D:5 Grinder
D:8 6 transporters, Enfaeutchie's ghost, novice MeFi
D:10 Snorg


Innate Abilities, Weirdness & Mutations

You are mostly covered in rugged brown scales. (AC +2, +5% HP)
You may rarely emit foul miasma when damaged in melee.
You are partially covered in sharp spines.
You have a sharp stinger which inflicts weakening toxins.


Message History

Confirm with . or Enter, or press ? or * to list all spells.
Aiming: Stone Arrow (safe; 1% risk of failure)
Press: ? - help, Shift-Dir - straight line, f/p - Snorg
Aim: Snorg (heavily wounded, berserk, 76% to hit)
The stone arrow hits Snorg!!
Snorg is heavily wounded.
Snorg is struck by your spines. Snorg barely misses you.
Snorg completely misses you. Snorg claws you but does no damage.
Casting: Stone Arrow (safe; 1% risk of failure)
Confirm with . or Enter, or press ? or * to list all spells.
Aiming: Stone Arrow (safe; 1% risk of failure)
Press: ? - help, Shift-Dir - straight line, f/p - Snorg
Aim: Snorg (heavily wounded, berserk, 76% to hit)
The stone arrow hits Snorg!
Snorg is severely wounded.
Snorg is struck by your spines. Snorg barely misses you. x2
Snorg closely misses you.
You hit Snorg. You freeze Snorg.
Your tail-slap misses Snorg.
You punch Snorg.
Snorg is severely wounded.
Snorg is struck by your spines. Snorg bites you.
Snorg claws you but does no damage. Snorg misses you.
Snorg is struck by your spines. Snorg bites you!
Snorg claws you but does no damage. x2; Snorg is struck by your spines.
Snorg closely misses you. Snorg barely misses you. Snorg claws you!
You sock Snorg! You freeze Snorg.
Snorg is almost dead.
Snorg is struck by your spines. Snorg bites you but does no damage.
Snorg claws you! Snorg barely misses you. Snorg bites you!
Snorg closely misses you. Snorg misses you.
Unknown command.
You barely miss Snorg. You punch Snorg, but do no damage.
Snorg is almost dead.
Snorg is struck by your spines. Snorg bites you!!
* * * LOW HITPOINT WARNING * * *
Snorg claws you!
* * * LOW HITPOINT WARNING * * *
Snorg claws you.
* * * LOW HITPOINT WARNING * * *
Snorg bites you!
You die...

#######....#.
#.....=......
#.###........ #.#
#........ #.# #.##...#.
########.# #.##...#.
.........###........
.##########...#########[
<.....T@....#...........
.##########...##########
#####


You could see Snorg (berserk).

Vanquished Creatures
  2 two-headed ogres
  Erica (D:9)
  An orc sorcerer (Bailey)
  2 hornets
  A wraith (D:9)
  A vampire (D:9)
  3 yaks (D:6)
  Grum (D:9)
  4 steam dragons
  A vampire mosquito (D:7)
  2 acid dragons
  3 water moccasins
  A sky beast (D:8)
  A black bear (D:6)
  8 orc warriors
  2 ogres
  4 wolves (D:9)
  A centaur (D:10)
  4 bullfrogs
  Blork the orc (D:5)
  6 gnoll sergeants
  3 scorpions (D:5)
  3 wights (D:5)
  5 electric eels
  4 orc priests
  7 hounds
  3 jellies
  2 gnoll boudas (D:9)
  An iguana (D:5)
  5 orc wizards
  54 gnolls
  5 adders
  An ufetubus (D:6)
  5 worms
  29 orcs
  6 ball pythons
  5 bats
  4 endoplasms
  3 giant cockroaches
  17 goblins
  6 hobgoblins
  11 jackals
  5 kobolds
  A quokka (D:1)
  3 frilled lizards
  8 rats
246 creatures vanquished.

Vanquished Creatures (collateral kills)
  An orc knight (Bailey)
  A hornet (D:9)
  Prince Ribbit (D:7)
  2 vampire mosquitoes (D:7)
  A water moccasin (D:7)
  A bullfrog (D:7)
  An iguana (D:7)
  An orc wizard (D:9)
  9 gnolls
  An ufetubus (D:7)
  7 orcs
  An endoplasm (D:3)
  A gnoll zombie (D:9)
  2 hobgoblins (Bailey)
  2 goblins (D:8)
32 creatures vanquished.

Vanquished Creatures (others)
  A vampire mosquito (D:7)
  A two-headed ogre zombie (D:9)
  An orc warrior (Bailey)
  2 wolf zombies (D:9)
  An orc priest (Bailey)
  An ogre zombie (Bailey)
  An acid dragon zombie (D:8)
  A gnoll (Bailey)
  2 steam dragon zombies (D:8)
  22 gnoll zombies
  A goblin zombie (Bailey)
  A hobgoblin zombie (Bailey)
  A jackal zombie (D:9)
  18 orc zombies
54 creatures vanquished.

Grand Total: 332 creatures vanquished

Notes
Turn   | Place    | Note
-------+----------+-------------------------------------------
     0 | D:1      | Turgor the Demonspawn Necromancer began the quest for the
                  | Orb.
     0 | D:1      | Reached XP level 1. HP: 13/13 MP: 3/3
   232 | D:1      | Gained mutation: You may rarely emit foul miasma when
                  | damaged in melee. [demonic ancestry]
   232 | D:1      | Reached XP level 2. HP: 17/20 MP: 0/5
  1459 | D:2      | Gained mutation: You have a small tail. [demonic ancestry]
  1459 | D:2      | Reached XP level 3. HP: 8/25 MP: 1/6
  1714 | D:2      | Reached skill level 1 in Fighting
  2069 | D:2      | Found a faded altar of an unknown god.
  2330 | D:2      | Identified the +1 pair of gloves "Zubbesi" {rPois}
  2422 | D:2      | Reached skill level 5 in Necromancy
  2505 | D:2      | Learned a level 3 spell: Stone Arrow
  2866 | D:3      | Gained mutation: You are partially covered in rugged brown
                  | scales. (AC +1, +3% HP) [demonic ancestry]
  2866 | D:3      | Reached XP level 4. HP: 26/32 MP: 1/8
  2925 | D:3      | You fall into a shaft and drop 1 floor!
  2926 | D:4      | Found a staircase to the Ecumenical Temple.
  2933 | Temple   | Entered the Ecumenical Temple
  3121 | D:3      | Learned a level 4 spell: Animate Dead
  3479 | D:3      | Found an ornate altar of the Wu Jian Council.
  3479 | D:3      | Found a hide-covered altar of Uskayaw.
  3479 | D:3      | Found an iron altar of Okawaru.
  3480 | D:3      | Found a bloodstained altar of Trog.
  3484 | D:3      | Found a sparkling altar of Nemelex Xobeh.
  3762 | D:4      | Reached skill level 1 in Conjurations
  3762 | D:4      | Reached skill level 1 in Earth Magic
  3762 | D:4      | Gained mutation: You have a tail ending in a sharp stinger.
                  | [demonic ancestry]
  3762 | D:4      | Reached XP level 5. HP: 38/38 MP: 2/9
  4567 | D:5      | Entered Level 5 of the Dungeon
  4574 | D:5      | Reached XP level 6. HP: 45/45 MP: 7/11
  4579 | D:5      | Reached skill level 1 in Armour
  4980 | D:5      | Learned a level 3 spell: Vampiric Draining
  5158 | D:5      | Noticed Blork the orc
  5179 | D:5      | Killed Blork the orc
  5190 | D:5      | Gained mutation: You are partially covered in sharp spines.
                  | [demonic ancestry]
  5190 | D:5      | Reached XP level 7. HP: 49/51 MP: 3/12
  5417 | D:5      | Noticed Grinder
  5417 | D:5      | Paralysed by Grinder for 2 turns
  6390 | D:6      | Gained mutation: You are mostly covered in rugged brown
                  | scales. (AC +2, +5% HP) [demonic ancestry]
  6390 | D:6      | Reached XP level 8. HP: 52/59 MP: 8/14
  6845 | D:6      | Reached skill level 5 in Spellcasting
  6983 | D:6      | Reached skill level 5 in Conjurations
  7426 | D:6      | Reached XP level 9. HP: 66/68 MP: 16/16
  7480 | D:6      | Reached skill level 5 in Earth Magic
  7480 | D:6      | Upgraded the game from 0.29-a0-872-g797fff5ad1 to
                  | 0.29-a0-876-gfc89b1a5bd
  7798 | D:7      | Noticed Prince Ribbit
  7802 | D:7      | Killed Prince Ribbit
  8579 | D:8      | Found a transporter.
  8708 | D:8      | Found a flagged portal.
  8787 | Bailey   | Entered a bailey
  8864 | Bailey   | Reached skill level 5 in Fighting
  9204 | Bailey   | Reached XP level 10. HP: 50/77 MP: 12/19
  9542 | Bailey   | Noticed an orc sorcerer
  9560 | Bailey   | Killed an orc sorcerer
  9738 | Bailey   | Noticed an orc high priest
  9809 | Bailey   | Noticed an orc knight
  9831 | Bailey   | Killed an orc knight
 10236 | D:8      | Found a transporter.
 10255 | D:8      | Found a transporter.
 10718 | D:8      | Found an ancient bone altar of Kikubaaqudgha.
 10719 | D:8      | Found a blossoming altar of Fedhas.
 10839 | D:8      | Found a transporter.
 10885 | D:8      | Found a transporter.
 10888 | D:8      | Noticed Enfaeutchie's ghost (novice MeFi)
 10888 | D:8      | Noticed a moth of wrath
 10901 | D:8      | Found a transporter.
 10965 | D:8      | Found a stormy altar of Qazlal.
 10966 | D:8      | Found a radiant altar of Vehumet.
 10968 | D:8      | Found a snail-covered altar of Cheibriados.
 10973 | D:8      | Became a worshipper of Cheibriados the Contemplative
 11097 | D:9      | Noticed a two-headed ogre
 11107 | D:9      | Killed a two-headed ogre
 11252 | D:9      | Noticed Grum
 11269 | D:9      | Killed Grum
 11414 | D:9      | Noticed Erica
 11419 | D:9      | Paralysed by a hornet for 3 turns
 11424 | D:9      | Killed Erica
 11425 | D:9      | Gained mutation: You have a sharp stinger which inflicts
                  | weakening toxins. [demonic ancestry]
 11425 | D:9      | Reached XP level 11. HP: 29/85 MP: 8/21
 11433 | D:9      | Your ally Grum died
 11449 | D:9      | Reached * piety under Cheibriados
 11872 | D:9      | Found a staircase to the Orcish Mines.
 12504 | D:9      | Reached ** piety under Cheibriados
 13042 | D:10     | Entered Level 10 of the Dungeon
 13166 | D:10     | Noticed a two-headed ogre
 13182 | D:10     | Killed a two-headed ogre
 13474 | D:10     | Noticed Snorg
 13483 | D:10     | Mangled by Snorg

Illustrated notes

Levels and vault maps discovered:
D:1:      nicolae_arrival_memento_mori, layout_basic
D:2:      layout_basic, hellmonk_ecumenical_altar_heavens_door
D:3:      layout_basic, minitemple, interstate_on_off
D:4:      layout_rooms, minmay_temple_entry_grid
D:5:      layout_gridville, uniq_blork_the_orc, uniq_grinder
D:6:      layout_gridville
D:7:      layout_gridville, minivault_19, uniq_prince_ribbit1
D:8:      layout_loops_ring, grunt_temple_overflow_growth_and_decay,
          chequers_temple_overflow_statue_of_worship, enter_bailey_3,
          gammafunk_ghost_berserking_beasts, nicolae_transporter_intersection
D:9:      layout_cave_pools, orc_0_dummy, serial_gnoll_camp,
          gnoll_camp_mini_hut, gnoll_camp_mini_house, gnoll_camp_mini_hut,
          gnoll_camp_huts_moat, uniq_erica, uniq_grum
D:10:     layout_loops_ring, amcnicky_altar_gilded, uniq_snorg
Temple:   hellmonk_temple_beads

Skill      XL: |  1  2  3  4  5  6  7  8  9 10 11 |
---------------+----------------------------------+-----
Fighting       | 1 2 4 5 6 |  6.1
Stealth        | 2 |  2.0
Necromancy     | 5 6 8 |  8.9
Dodging        | 2 |  2.0
Spellcasting   | 3 4 5 6 |  6.9
Conjurations   | 1 2 3 5 7 8 |  8.6
Earth Magic    | 1 2 3 4 6 7 |  7.9
Armour         | 1 2 3 4 |  4.6
Short Blades   | |  0.2

Action                   |  1- 3 |  4- 6 |  7- 9 | 10-12 || total
-------------------------+-------+-------+-------+-------++-------
Melee: Dagger            |    54 |       |       |       ||    54
       Tailslap          |     6 |     6 |    12 |    16 ||    40
       Trident           |       |    61 |    14 |       ||    75
       Mace              |       |       |    88 |   105 ||   193
       Punch             |       |       |     2 |     4 ||     6
       Staff             |       |       |       |    13 ||    13
Throw: Dart              |       |    11 |     8 |     5 ||    24
 Cast: Necrotise         |   109 |    65 |    64 |     2 ||   240
       Stone Arrow       |       |       |    42 |    99 ||   141
       Animate Dead      |       |       |     5 |    18 ||    23
Evoke: Wand              |       |       |     1 |     7 ||     8
  Use: Potion            |       |     2 |       |     2 ||     4
       Scroll            |       |       |       |    11 ||    11
 Stab: Distracted        |     1 |       |       |       ||     1
       Sleeping          |       |     1 |       |       ||     1
Armor: Robe              |     5 |    22 |     9 |       ||    36
       Ring mail         |       |       |    52 |   122 ||   174
Dodge: Dodged            |    29 |    38 |    62 |   110 ||   239

Table legend: (Time is in decaauts)
 A = Elapsed time spent in this place.
 B = Non-inter-level travel time spent in this place.
 C = Inter-level travel time spent in this place.
 D = Time resting spent in this place.
 E = Time spent auto-exploring this place.
 F = Levels seen in this place.
 G = Mean time per level.
                   A        B        C        D        E       F      G
               +--------+--------+--------+--------+--------+-----+--------+
         Total |  13973 |  13461 |    512 |   2143 |   7539 |  12 | 1164.4 |
       Dungeon |  12734 |  12232 |    502 |   1691 |   7455 |  10 | 1273.4 |
        Temple |    104 |     94 |     10 |      0 |     84 |   1 |  104.0 |
        Bailey |   1135 |   1135 |      0 |    452 |      0 |   1 | 1135.0 |
               +--------+--------+--------+--------+--------+-----+--------+

Top non-repeatable levels by time:
     D:9: 2062 daAuts
     D:8: 1628 daAuts
     D:5: 1473 daAuts
     D:2: 1434 daAuts
     D:1: 1238 daAuts
     D:4: 1223 daAuts
     D:6: 1206 daAuts
  Bailey: 1135 daAuts
     D:7: 1011 daAuts
     D:3: 929 daAuts
    D:10: 525 daAuts
  Temple: 104 daAuts
